 Dungeon Crawl Stone Soup version 0.22-a0-161-g198051c (webtiles) character file.

108 Gorice the Charlatan (level 4, 0/38 HPs)
             Began as a Gnoll Wanderer on Feb 11, 2018.
             Succumbed to a scorpion's poison
             ... on level 2 of the Dungeon.
             The game lasted 00:06:00 (1828 turns).

Gorice the Charlatan (Gnoll Wanderer)               Turns: 1828, Time: 00:06:00

Health: 0/38       AC:  7    Str: 17    XL:     4   Next: 87%
Magic:  7/7        EV: 13    Int: 13    God:
Gold:   93         SH:  0    Dex: 14    Spells: 5/5 levels left

rFire    . . .     SeeInvis .   a - +2 spear
rCold    . . .     Gourm    .   (no shield)
rNeg     . . .     Faith    .   n - +0 ring mail
rPois    .         Spirit   .   g - +0 helmet
rElec    .         Reflect  .   c - +0 cloak
rCorr    .         Harm     .   (no gloves)
MR       .....                  (no boots)
Stlth    ++........             (no amulet)
HPRegen  0.12/turn              (no ring)
MPRegen  0.10/turn              (no ring)

@: lethally poisoned (0 -> -13)
A: distributed training, fangs 1, strong nose
a: no special abilities


You were on level 2 of the Dungeon.
You were not hungry.

You visited 1 branch of the dungeon, and saw 2 of its levels.

You collected 93 gold pieces.

Inventory:

Hand Weapons
 a - a +2 spear (weapon)
 b - a +0 quarterstaff
 e - a +0 dagger
 r - a +0 trident
Missiles
 Y - 15 stones (quivered)
Armour
 c - a +0 cloak (worn)
 d - a +0 robe
 g - a +0 helmet (worn)
 n - a +0 ring mail (worn)
Scrolls
 h - 2 scrolls of fear {unknown}
 j - a scroll of enchant armour {unknown}
 k - 2 scrolls of noise {unknown}
 l - 2 scrolls of fog {unknown}
 m - a scroll of identify {unknown}
 o - a scroll of random uselessness {unknown}
 p - a scroll of remove curse {unknown}
 q - a scroll of teleportation {unknown}
Comestibles
 f - 3 rations
 i - a chunk of flesh


   Skills:
 + Level 4.7 Fighting
 + Level 1.2 Short Blades
 + Level 1.2 Long Blades
 + Level 1.2 Axes
 + Level 1.2 Maces & Flails
 + Level 4.7 Polearms
 + Level 1.2 Staves
 + Level 1.2 Slings
 + Level 1.2 Bows
 + Level 1.2 Crossbows
 + Level 1.2 Throwing
 + Level 1.2 Armour
 + Level 4.7 Dodging
 + Level 4.3 Stealth
 + Level 1.2 Shields
 + Level 1.2 Unarmed Combat
 + Level 1.2 Spellcasting
 + Level 1.0 Conjurations
 + Level 1.0 Hexes
 + Level 1.0 Charms
 + Level 1.0 Summonings
 + Level 1.0 Necromancy
 + Level 1.0 Translocations
 + Level 1.0 Transmutations
 + Level 1.0 Fire Magic
 + Level 1.0 Ice Magic
 + Level 1.0 Air Magic
 + Level 1.0 Earth Magic
 + Level 1.0 Poison Magic
 + Level 1.3 Invocations
 + Level 4.7 Evocations


You had 5 spell levels left.
You didn't know any spells.

Dungeon Overview and Level Annotations

Branches:
Dungeon (2/15)

Altars:


Innate Abilities, Weirdness & Mutations

Your experience applies equally to all skills.
You have very sharp teeth.
Your uncanny sense of smell can sniff out nearby items.


Message History

Damage: 1 (max 8)
You barely miss the scorpion.
The scorpion is moderately wounded.
You feel sick.
The scorpion stings you but does no damage.
Damage: 1 (max 8)
You barely miss the scorpion.
The scorpion is moderately wounded.
You feel sick. The scorpion closely misses you.
Damage: 1 (max 8)
You are too injured to fight recklessly!
You closely miss the scorpion.
The scorpion is moderately wounded.
You feel sick. The scorpion stings you!
* * * LOW HITPOINT WARNING * * *
You are lethally poisoned!
The scorpion poisons you!
Damage: 9 (max 9)
* * * LOW HITPOINT WARNING * * *
You feel sick.
Damage: 2 (max 9)
* * * LOW HITPOINT WARNING * * *
You feel sick.
Damage: 1 (max 9)
* * * LOW HITPOINT WARNING * * *
You feel sick.
Damage: 2 (max 9) Unknown command.
* * * LOW HITPOINT WARNING * * *
You feel sick.
You closely miss the scorpion. Your bite misses the scorpion.
The scorpion is moderately wounded.
* * * LOW HITPOINT WARNING * * *
You feel sick. The scorpion closely misses you.
Damage: 2 (max 9)
You hit the scorpion but do no damage. You bite the scorpion.
The scorpion is heavily wounded.
* * * LOW HITPOINT WARNING * * *
You feel sick. The scorpion barely misses you.
Damage: 1 (max 9)
You barely miss the scorpion.
The scorpion is heavily wounded.
* * * LOW HITPOINT WARNING * * *
You feel sick.
The scorpion stings you but does no damage.
Damage: 1 (max 9) Unknown command.
You hit the scorpion.
The scorpion is heavily wounded.
You die...

#...### #.# #. # #...# #.# # #.
#...# ###.#### ##.#.
#...########.[....## ......
#...##.............###
#...######...##.........##..#..
###....(.†............#..#.#..#..
#.......)(....(.........###......
................@s....#..#....#..
.....>######...##...<........>#..
...... #...##.............###
..... #...############.### ...K.
#...# #)# #... #...######
####.##### ###. #........#
#......... #...####.# #.##...###
########.....#.# #.##...#..


You could see a scorpion.

Vanquished Creatures
  Crazy Yiuf (D:2)
  4 adders (D:2)
  A leopard gecko (D:2)
  3 giant cockroaches
  7 goblins
  5 hobgoblins
  6 jackals (D:1)
  5 kobolds
  A ball python (D:1)
  4 bats
  A frilled lizard (D:2)
  3 rats
41 creatures vanquished.

Notes
Turn   | Place    | Note
-------+----------+-------------------------------------------
     0 | D:1      | Gorice the Gnoll Wanderer began the quest for the Orb.
     0 | D:1      | Gorice set off with: a +2 spear, a +0 quarterstaff, a potion of lignification {!q}, a +0 robe, a +0 dagger, a ration
     0 | D:1      | Reached XP level 1. HP: 20/20 MP: 3/3
   226 | D:1      | Reached XP level 2. HP: 26/26 MP: 5/5
   483 | D:1      | Reached XP level 3. HP: 31/31 MP: 6/6
   736 | D:2      | Noticed a scorpion
  1033 | D:2      | Reached skill level 1 in Invocations
  1135 | D:2      | Reached skill level 1 in Short Blades
  1135 | D:2      | Reached skill level 1 in Long Blades
  1135 | D:2      | Reached skill level 1 in Axes
  1135 | D:2      | Reached skill level 1 in Maces & Flails
  1135 | D:2      | Reached skill level 1 in Staves
  1135 | D:2      | Reached skill level 1 in Slings
  1135 | D:2      | Reached skill level 1 in Bows
  1135 | D:2      | Reached skill level 1 in Crossbows
  1135 | D:2      | Reached skill level 1 in Throwing
  1135 | D:2      | Reached skill level 1 in Armour
  1135 | D:2      | Reached skill level 1 in Shields
  1135 | D:2      | Reached skill level 1 in Unarmed Combat
  1135 | D:2      | Reached skill level 1 in Spellcasting
  1135 | D:2      | Reached XP level 4. HP: 37/38 MP: 7/7
  1207 | D:2      | Found a runed door.
  1211 | D:2      | Noticed Crazy Yiuf
  1229 | D:2      | HP: 5/38 [Crazy Yiuf/quarterstaff of chaos (8)]
  1231 | D:2      | Killed Crazy Yiuf
  1231 | D:2      | Reached skill level 1 in Conjurations
  1231 | D:2      | Reached skill level 1 in Hexes
  1231 | D:2      | Reached skill level 1 in Charms
  1231 | D:2      | Reached skill level 1 in Summonings
  1231 | D:2      | Reached skill level 1 in Necromancy
  1231 | D:2      | Reached skill level 1 in Translocations
  1231 | D:2      | Reached skill level 1 in Transmutations
  1231 | D:2      | Reached skill level 1 in Fire Magic
  1231 | D:2      | Reached skill level 1 in Ice Magic
  1231 | D:2      | Reached skill level 1 in Air Magic
  1231 | D:2      | Reached skill level 1 in Earth Magic
  1231 | D:2      | Reached skill level 1 in Poison Magic
  1235 | D:2      | HP: 3/57 [poisoned by Crazy Yiuf]
  1242 | D:2      | HP: 3/57 [poisoned by Crazy Yiuf]
  1250 | D:2      | HP: 2/57 [poisoned by Crazy Yiuf]
  1820 | D:2      | HP: 10/38 [scorpion (8)]
  1825 | D:2      | HP: 3/38 [poisoned by a scorpion]
  1827 | D:2      | HP: 1/38 [poisoned by a scorpion]
  1828 | D:2      | Succumbed to a scorpion's poison

Vault maps used:
D:1:      giann_forest_graveyard
D:2:      nicolae_underground_beach, uniq_crazy_yiuf_cottage

Skill      XL: |  1  2  3  4 |
---------------+-------------+-----
Invocations    | 1 |  1.3
Short Blades   | 1 |  1.2
Long Blades    | 1 |  1.2
Axes           | 1 |  1.2
Maces & Flails | 1 |  1.2
Staves         | 1 |  1.2
Slings         | 1 |  1.2
Bows           | 1 |  1.2
Crossbows      | 1 |  1.2
Throwing       | 1 |  1.2
Armour         | 1 |  1.2
Shields        | 1 |  1.2
Unarmed Combat | 1 |  1.2
Spellcasting   | 1 |  1.2
Conjurations   | 1 |  1.0
Hexes          | 1 |  1.0
Charms         | 1 |  1.0
Summonings     | 1 |  1.0
Necromancy     | 1 |  1.0
Translocations | 1 |  1.0
Transmutations | 1 |  1.0
Fire Magic     | 1 |  1.0
Ice Magic      | 1 |  1.0
Air Magic      | 1 |  1.0
Earth Magic    | 1 |  1.0
Poison Magic   | 1 |  1.0
Fighting       | |  4.7
Polearms       | |  4.7
Dodging        | |  4.7
Stealth        | |  4.3
Evocations     | |  4.7

Action                   |  1- 3 |  4- 6 || total
-------------------------+-------+-------++-------
Melee: Spear             |    70 |    56 ||   126
       Bite              |     3 |     7 ||    10
  Use: Potion            |       |     1 ||     1
 Stab: Sleeping          |     8 |       ||     8
       Distracted        |     1 |       ||     1
  Eat: Chunk             |     1 |     2 ||     3
Armor: Robe              |     3 |       ||     3
       Ring mail         |     7 |    12 ||    19
Dodge: Dodged            |    23 |    30 ||    53

Table legend:
 A = Spawn XP
 B = Non-spawn XP
 C = Spawn XP percentage of total XP
 D = Spawn monster count
 E = Non-spawn monster count
 F = Spawn count percentage of total count
 G = Total turns spent on level
                    A         B        C        D         E        F      G
               +---------+---------+-------+---------+---------+-------+---------
         Total |       0 |     155 |   0.0 |       0 |      41 |   0.0 |  1828
               +---------+---------+-------+---------+---------+-------+---------
           D:1 |       0 |      40 |   0.0 |       0 |      22 |   0.0 |  1044
           D:2 |       0 |     115 |   0.0 |       0 |      19 |   0.0 |   784
               +---------+---------+-------+---------+---------+-------+---------

Table legend:
 A = Turns spent in this place as a percentage of turns spent in the entire game.
 B = Non-inter-level travel turns spent in this place as a percentage of non-inter-level travel turns spent in the entire game.
 C = Inter-level travel turns spent in this place as a percentage of turns spent in this place.
 D = Turns resting spent in this place as a percentage of non-inter-level travel turns spent in this place.
 E = Turns spent auto-exploring this place as a percentage of non-inter-level travel turns spent in this place.
 F = Non-inter-level travel turns spent in this place divided by the number of levels of this place that you've seen.
                   A       B       C       D       E      F
               +-------+-------+-------+-------+-------+----------------------
         Total | 100.0 | 100.0 |   2.1 |  41.2 |  20.3 | 895.0
       Dungeon | 100.0 | 100.0 |   2.1 |  41.2 |  20.3 | 895.0
               +-------+-------+-------+-------+-------+----------------------

Vault maps used:
D:1:      giann_forest_graveyard
D:2:      nicolae_underground_beach, uniq_crazy_yiuf_cottage
